[Event "Titled Tuesday Blitz August 08 Late 2023"]
[White "Pinto, Daniel"]
[Black "Perske, Thore"]
[WhiteFideId "3303144"]
[BlackFideId "12902195"]
[WhiteElo "2408"]
[BlackElo "2535"]
[Result "1/2-1/2"]
[Round "5"]
[TimeControl "180+1"]
[Date "2023.08.08"]
[WhiteClock "0:00:06"]
[BlackClock "0:00:07"]
[Board "94"]

1. e4 e6 2. d4 d5 3. Nd2 c5 4. Ngf3 cxd4 5. Nxd4 Nf6 6. exd5 Nxd5 7. Ne4 Be7 8. Bb5+ Bd7 9. Bxd7+ Nxd7 10. O-O O-O 11. c3 N7f6 12. Qf3 Nxe4 13. Qxe4 Bf6 14. Bd2 Qb6 15. Nb3 a5 16. c4 Nb4 17. Be3 Qc6 18. Qxc6 Nxc6 19. Nc5 Ne5 20. b3 Ng4 21. Rad1 Nxe3 22. fxe3 Rfb8 23. Rd7 b5 24. Ne4 bxc4 25. bxc4 Rb2 26. Nxf6+ gxf6 27. Rxf6 Rf8 28. Rf2 Rb1+ 29. Rf1 Rb2 30. Rc1 Rxa2 31. c5 Rc8 32. c6 Kf8 33. Rb7 Rd2 34. c7 Ke8 35. Rb8 Kd7 36. Rb5 Rxc7 37. Rxc7+ Kxc7 38. Rxa5 Re2 39. Ra7+ Kd6 40. Rxf7 Rxe3 41. Rxh7 Ra3 42. Kf2 Ra1 43. Kg3 Ra2 44. Kh3 Ke5 45. Rh5+ Kf6 46. Rb5 e5 47. g3 e4 48. Rb4 Ke5 49. Rb8 Kd4 50. Rd8+ Ke3 51. Re8 Kf3 52. Rf8+ Ke2 53. g4 e3 54. g5 Ke1 55. Re8 e2 56. Kg4 Kd2 57. h4 Ra4+ 58. Kh5 Kd3 59. Rxe2 Kxe2 60. g6 Kf3 61. g7 Ra8 62. Kg6 Kg4 63. h5 Ra6+ 64. Kh7 Ra8 65. h6 Kg5 66. g8=Q+ Rxg8 67. Kxg8 Kxh6 1/2-1/2


[Site "https://www.chess.com"]

[Event "Titled Tuesday Blitz August 08 Late 2023"]
[White "Romero Ruscalleda, Josep"]
[Black "Bettalli, Francesco"]
[WhiteFideId "2231859"]
[BlackFideId "2816453"]
[WhiteElo "2407"]
[BlackElo "2531"]
[Result "1-0"]
[Round "5"]
[TimeControl "180+1"]
[Date "2023.08.08"]
[WhiteClock "0:00:19"]
[BlackClock "0:00:40"]
[Board "95"]

1. e4 e5 2. Nf3 Nf6 3. d4 Nxe4 4. Bd3 Nc6 5. dxe5 Nc5 6. Bc4 Ne6 7. Nc3 Bb4 8. Bd2 O-O 9. a3 Ba5 10. O-O d6 11. exd6 Qxd6 12. Ne4 Qe7 13. Bxa5 Nxa5 14. Ba2 Nc6 15. Re1 b6 16. Neg5 Qf6 17. Nxe6 Bxe6 18. Bxe6 fxe6 19. c3 Rad8 20. Qe2 e5 21. Rad1 Rd6 22. Rxd6 Qxd6 23. Nxe5 Re8 24. Qc4+ Qe6 25. Nxc6 Qxc4 26. Rxe8+ Kf7 27. Ne5+ Kxe8 28. Nxc4 Ke7 29. Kf1 Ke6 30. Ke2 Kd5 31. Kd3 c5 32. Ne3+ Ke5 33. g3 g5 34. a4 h5 35. b4 g4 36. bxc5 bxc5 37. Nc4+ Kd5 38. a5 Kc6 39. Ke4 Kb5 40. Kd5 a6 41. Ne3 Kxa5 42. Kxc5 Ka4 43. Kc4 a5 44. Nf5 Ka3 45. Kb5 a4 46. Nd4 Kb2 47. Kxa4 Kxc3 48. Nf5 Kd3 49. Ng7 Ke2 50. Nxh5 Kxf2 51. Nf6 Kf3 52. Kb4 Kg2 53. Nxg4 Kh3 54. Kc3 Kxg4 55. Kd4 Kh3 56. Ke5 Kg4 57. Ke4 Kg5 58. Kf3 Kh5 59. g4+ Kg5 60. Kg3 Kg6 61. Kf4 Kh6 62. Kf5 Kg7 63. g5 Kf7 64. h4 Kg7 65. h5 Kf7 66. h6 Kg8 67. Kg6 Kh8 68. Kf6 Kg8 69. h7+ Kh8 70. Kf7 Kxh7 71. g6+ 1-0


[Site "https://www.chess.com"]

[Event "Titled Tuesday Blitz August 08 Late 2023"]
[White "Mekhane, Adam"]
[Black "Herman, Daniel"]
[WhiteFideId "36050601"]
[BlackFideId "30935008"]
[WhiteElo "2531"]
[BlackElo "2405"]
[Result "0-1"]
[Round "5"]
[TimeControl "180+1"]
[Date "2023.08.08"]
[WhiteClock "0:00:00"]
[BlackClock "0:00:33"]
[Board "96"]

1. e4 e6 2. d4 d5 3. exd5 exd5 4. Nf3 Bd6 5. Bd3 Ne7 6. Nc3 c6 7. O-O O-O 8. Ne2 Bf5 9. Bf4 Bxd3 10. Qxd3 Na6 11. c3 Nc7 12. h4 Ne6 13. Bxd6 Qxd6 14. h5 h6 15. Rae1 a5 16. Ne5 Ng5 17. Ng3 f5 18. f4 Ne4 19. Qe3 b6 20. Nxe4 fxe4 21. g4 c5 22. f5 cxd4 23. cxd4 Rac8 24. Re2 b5 25. Ref2 Rf6 26. g5 hxg5 27. Qxg5 Nc6 28. Rg2 Rc7 0-1


[Site "https://www.chess.com"]

[Event "Titled Tuesday Blitz August 08 Late 2023"]
[White "Muhammad Shahzeb"]
[Black "ArtemDyachuk"]
[WhiteFideId "7804806"]
[WhiteElo "2403"]
[BlackElo "2530"]
[Result "0-1"]
[Round "5"]
[TimeControl "180+1"]
[Date "2023.08.08"]
[WhiteClock "0:00:00"]
[BlackClock "0:00:20"]
[Board "97"]

1. e4 c6 2. d4 d5 3. exd5 cxd5 4. c4 Nf6 5. Nc3 e6 6. Nf3 Bb4 7. Qc2 O-O 8. Bg5 h6 9. Bh4 b6 10. Bxf6 Qxf6 11. cxd5 exd5 12. Be2 Bf5 13. Qb3 Bxc3+ 14. Qxc3 Rc8 15. Qb3 Nc6 16. O-O Be4 17. Rad1 Bxf3 18. Bxf3 Nxd4 19. Qxd5 Nxf3+ 20. gxf3 Qxb2 21. Rfe1 Qf6 22. Qb3 Rc3 23. Qd5 Qxf3 24. Re4 Rf8 25. Qe5 Rc5 26. Qd4 Rg5+ 27. Kf1 Rg2 28. Rf4 Rxf2+ 29. Qxf2 Qxd1+ 30. Kg2 Qd5+ 31. Rf3 Re8 32. Qg3 Re2+ 33. Kh3 Qh5+ 0-1


[Site "https://www.chess.com"]

[Event "Titled Tuesday Blitz August 08 Late 2023"]
[White "Ventura Bolet, Maxim"]
[Black "reevecanada"]
[WhiteFideId "22238824"]
[WhiteElo "2399"]
[BlackElo "2527"]
[Result "0-1"]
[Round "5"]
[TimeControl "180+1"]
[Date "2023.08.08"]
[WhiteClock "0:00:03"]
[BlackClock "0:00:28"]
[Board "98"]

1. e4 c5 2. Nf3 d6 3. d4 cxd4 4. Nxd4 Nf6 5. Nc3 a6 6. Bc4 e6 7. O-O Be7 8. Bb3 O-O 9. Re1 b5 10. Qf3 Bb7 11. Qg3 Qd7 12. Bh6 Ne8 13. Bg5 Nc6 14. Nxc6 Bxc6 15. Bxe7 Qxe7 16. Rad1 Rd8 17. Nd5 Qb7 18. Nf4 Bxe4 19. Bxe6 Bxc2 20. Bd5 Qb6 21. Rc1 Bf5 22. h4 Nf6 23. h5 h6 24. Bb3 Qd4 25. Rcd1 Qxb2 26. Nd5 Nxd5 27. Bxd5 Qf6 28. Re3 Rfe8 29. Rf3 Re5 30. Bb3 d5 31. Qf4 d4 32. g4 Be6 33. Qxf6 gxf6 34. Rxf6 Bxg4 35. Rxf7 Kh8 36. Rf6 Bxd1 37. Rxh6+ Kg7 38. Rg6+ Kh7 39. h6 Kxg6 0-1


[Site "https://www.chess.com"]

[Event "Titled Tuesday Blitz August 08 Late 2023"]
[White "Grossboss19"]
[Black "Ncatt"]
[WhiteElo "2524"]
[BlackElo "2385"]
[Result "1-0"]
[Round "5"]
[TimeControl "180+1"]
[Date "2023.08.08"]
[WhiteClock "0:00:21"]
[BlackClock "0:00:28"]
[Board "99"]

1. e4 c5 2. Nc3 Nc6 3. Nge2 g6 4. g3 Bg7 5. Bg2 e5 6. Nd5 Nge7 7. Nxe7 Qxe7 8. O-O O-O 9. c3 d6 10. d3 Be6 11. f4 f5 12. Be3 Rae8 13. Qd2 fxe4 14. dxe4 exf4 15. Nxf4 Bc4 16. Rf2 Ne5 17. b3 Bf7 18. h3 b5 19. Rd1 Rd8 20. Nd5 Bxd5 21. Qxd5+ Kh8 22. Rf4 Rxf4 23. gxf4 Nf7 24. c4 bxc4 25. bxc4 Rb8 26. Qd3 Rb2 27. Rb1 Qb7 28. Rxb2 Qxb2 29. Qd5 Qf6 30. Qa8+ Nd8 31. Qxa7 Qa1+ 32. Kh2 Qc3 33. Qb8 Bf6 34. Qxd6 Kg7 35. e5 Bh4 36. Qxc5 Ne6 37. Qa7+ Kh6 38. f5+ g5 39. fxe6 Qe1 40. Bg1 Qxe5+ 41. Kh1 g4 42. Qe3+ Qxe3 43. Bxe3+ Kg6 44. hxg4 1-0


[Site "https://www.chess.com"]

[Event "Titled Tuesday Blitz August 08 Late 2023"]
[White "Dwilewicz, Katarzyna"]
[Black "Dragomirescu, Robin-Alexandru"]
[WhiteFideId "1148486"]
[BlackFideId "1213849"]
[WhiteElo "2381"]
[BlackElo "2517"]
[Result "1-0"]
[Round "5"]
[TimeControl "180+1"]
[Date "2023.08.08"]
[WhiteClock "0:00:05"]
[BlackClock "0:00:23"]
[Board "100"]

1. e4 g6 2. d4 Nf6 3. e5 Nh5 4. Nc3 d6 5. Nf3 dxe5 6. Nxe5 Nf6 7. Bc4 e6 8. Bg5 h6 9. Bh4 Bg7 10. Qd2 c6 11. O-O-O O-O 12. f3 Nbd7 13. Qe2 a5 14. g4 Qc7 15. Bg3 Nxe5 16. Bxe5 Qe7 17. h4 b5 18. Bd3 b4 19. Ne4 Nxe4 20. Qxe4 Bb7 21. h5 c5 22. Qf4 g5 23. Qe3 cxd4 24. Qxd4 Rfd8 25. Qe3 Rac8 26. Kb1 Bd5 27. Rhe1 Qc5 28. Qxc5 Rxc5 29. Bxg7 Kxg7 30. Be4 a4 31. Bxd5 Rcxd5 32. Kc1 Kf6 33. Rxd5 Rxd5 34. Re4 b3 35. Rxa4 bxa2 36. Rxa2 Rd4 37. Ra3 Ke5 38. Rd3 Rc4 39. Kd2 Kf4 40. c3 e5 41. b4 f5 42. gxf5 Kxf5 43. Rd6 e4 44. fxe4+ Kxe4 45. Rxh6 g4 46. Rg6 Kf3 47. b5 g3 48. b6 Rc8 49. h6 g2 50. h7 Kf2 51. Rg8 g1=Q 52. Rxg1 Kxg1 53. b7 Rb8 54. Ke3 Kg2 55. c4 Kg3 56. c5 1-0


[Site "https://www.chess.com"]

[Event "Titled Tuesday Blitz August 08 Late 2023"]
[White "Domingo Nunez, Alejandro"]
[Black "Necromon"]
[WhiteFideId "22245561"]
[WhiteElo "2514"]
[BlackElo "2384"]
[Result "1-0"]
[Round "5"]
[TimeControl "180+1"]
[Date "2023.08.08"]
[WhiteClock "0:01:30"]
[BlackClock "0:01:30"]
[Board "101"]

1. Nf3 c5 2. g3 Nc6 3. d4 cxd4 4. Nxd4 g6 5. Bg2 Bg7 6. Nb3 Nf6 7. c4 d6 8. O-O O-O 9. Nc3 Be6 10. Nd5 Re8 11. Bg5 Nd7 12. Qd2 Nb6 13. Rac1 f6 14. Be3 Nd7 15. Rfd1 a5 16. a4 b6 17. Nf4 1-0


[Site "https://www.chess.com"]

[Event "Titled Tuesday Blitz August 08 Late 2023"]
[White "Sam, Gabriel"]
[Black "Real_taiatai"]
[WhiteFideId "75000776"]
[WhiteElo "2510"]
[BlackElo "2371"]
[Result "1-0"]
[Round "5"]
[TimeControl "180+1"]
[Date "2023.08.08"]
[WhiteClock "0:00:06"]
[BlackClock "0:00:05"]
[Board "102"]

1. e4 e5 2. Nf3 Nc6 3. Bb5 a6 4. Ba4 Nge7 5. O-O g6 6. c3 Bg7 7. d4 exd4 8. cxd4 d6 9. Nc3 O-O 10. h3 b5 11. Bc2 Nb4 12. Bb1 c5 13. d5 c4 14. a3 Nd3 15. Bxd3 cxd3 16. Qxd3 h6 17. Re1 Qc7 18. Bf4 g5 19. Bh2 Ng6 20. Rad1 f5 21. e5 Qf7 22. e6 Qe7 23. Nd4 Bxd4 24. Qxd4 Bb7 25. a4 bxa4 26. Nxa4 f4 27. f3 Rf5 28. Nb6 Raf8 29. Kh1 h5 30. Qe4 g4 31. hxg4 hxg4 32. fxg4 Rg5 33. Nd7 Qh7 34. Nxf8 Kxf8 35. e7+ Ke8 36. Qb4 Bc8 37. Qa4+ Bd7 38. Qxd7+ Kxd7 39. e8=Q+ Kc7 40. Qc6+ Kd8 41. Re8# 1-0


[Site "https://www.chess.com"]

[Event "Titled Tuesday Blitz August 08 Late 2023"]
[White "Geivondian, Arman"]
[Black "Andrews, Todd"]
[WhiteFideId "24102032"]
[BlackFideId "2012456"]
[WhiteElo "2510"]
[BlackElo "2370"]
[Result "0-1"]
[Round "5"]
[TimeControl "180+1"]
[Date "2023.08.08"]
[WhiteClock "0:00:38"]
[BlackClock "0:00:31"]
[Board "103"]

1. e4 c5 2. Nf3 d6 3. Bb5+ Nd7 4. d4 cxd4 5. Qxd4 e5 6. Qd3 h6 7. c4 Nf6 8. Nc3 a6 9. Bxd7+ Bxd7 10. Be3 Bc6 11. b3 Be7 12. O-O O-O 13. Rad1 Qa5 14. Bd2 Qc7 15. Rfe1 Rfc8 16. Nh4 Nxe4 17. Rxe4 Bxe4 18. Qxe4 Bxh4 19. Qxh4 b5 20. Nd5 Qd8 21. Qg3 Kh8 22. Be3 Rab8 23. Qh3 Qf8 24. cxb5 axb5 25. g4 f6 26. Rd2 Rc1+ 27. Kg2 Rbc8 28. a4 bxa4 29. bxa4 R1c2 30. Rxc2 Rxc2 31. Qf3 Rc4 32. Qf5 Qa8 33. Qf3 Rxa4 34. h3 Ra5 35. Nb6 Qxf3+ 36. Kxf3 d5 37. h4 Rb5 38. Nd7 Kg8 39. Ba7 Rb7 40. Nxf6+ gxf6 41. Be3 Kg7 42. h5 Rb3 43. Ke2 d4 44. Bd2 e4 45. Bf4 Rf3 46. Bc1 d3+ 47. Ke1 f5 48. g5 hxg5 49. Bxg5 Rh3 50. h6+ Kg6 51. Be3 Rxe3+ 52. fxe3 Kxh6 53. Kf2 Kg5 54. Ke1 Kg4 55. Kd2 Kf3 0-1


[Site "https://www.chess.com"]

[Event "Titled Tuesday Blitz August 08 Late 2023"]
[White "Kozusek, Daniel"]
[Black "Hoffmann, Asa"]
[WhiteFideId "349500"]
[BlackFideId "2001470"]
[WhiteElo "2510"]
[BlackElo "2363"]
[Result "1-0"]
[Round "5"]
[TimeControl "180+1"]
[Date "2023.08.08"]
[WhiteClock "0:00:05"]
[BlackClock "0:00:02"]
[Board "104"]

1. Nf3 d6 2. d4 Bg4 3. c4 Nd7 4. Nc3 Ngf6 5. g3 Bxf3 6. exf3 c6 7. Bg2 e6 8. d5 cxd5 9. cxd5 e5 10. O-O Be7 11. f4 O-O 12. Re1 Rc8 13. Be3 exf4 14. Bxf4 a6 15. Qd2 Re8 16. Re2 Bf8 17. Rae1 Rxe2 18. Qxe2 Qa5 19. Bh3 Rd8 20. Qd2 h6 21. Bxd7 Nxd7 22. Ne4 Qxd2 23. Bxd2 Re8 24. Kf1 f5 25. Nc3 Rxe1+ 26. Kxe1 b5 27. Ne2 g6 28. Nf4 Kf7 29. Ne6 g5 30. Nc7 Bg7 31. b3 Nb6 32. Ba5 Nd7 33. Nxa6 Bd4 34. Nc7 Kf6 35. Nxb5 Ke5 36. Bb4 Kxd5 37. Nxd6 f4 38. Nf7 Bg7 39. gxf4 gxf4 40. f3 Ke6 41. Nd8+ Kd5 42. Ke2 Ne5 43. Bd2 Ng6 44. Nb7 Bd4 45. Na5 h5 46. Nc4 h4 47. h3 Bc5 48. Be1 Bd4 49. Bf2 Bf6 50. a4 Ne7 51. a5 Nc6 52. a6 Bd4 53. Bxh4 Ba7 54. Bf2 Bxf2 55. Kxf2 Kc5 56. h4 Na7 57. h5 Kb4 58. h6 Kxb3 59. Ne5 Kc3 60. h7 Kd4 61. h8=Q 1-0


[Site "https://www.chess.com"]

[Event "Titled Tuesday Blitz August 08 Late 2023"]
[White "ATM622"]
[Black "Rabiega, Robert"]
[BlackFideId "4601475"]
[WhiteElo "2509"]
[BlackElo "2349"]
[Result "1/2-1/2"]
[Round "5"]
[TimeControl "180+1"]
[Date "2023.08.08"]
[WhiteClock "0:00:04"]
[BlackClock "0:00:17"]
[Board "105"]

1. d4 d5 2. c4 e6 3. Nf3 c5 4. e3 Nf6 5. Nc3 Nc6 6. Be2 Be7 7. O-O a6 8. cxd5 exd5 9. dxc5 Bxc5 10. a3 O-O 11. b4 Ba7 12. b5 Na5 13. Bb2 Nc4 14. Bxc4 dxc4 15. bxa6 bxa6 16. Ne5 Be6 17. Qa4 Qc7 18. Ne2 Nd5 19. Qxc4 Qxc4 20. Nxc4 Rab8 21. Bd4 Bxd4 22. Nxd4 Bd7 23. Ne5 Ba4 24. Rac1 Rb2 25. Rc5 Ne7 26. Ra5 Bb5 27. Nxb5 axb5 28. h3 g6 29. Ra7 Nf5 30. Rb7 Rb3 31. Ra1 Nd6 32. Rb6 Nc4 33. Nxc4 bxc4 34. Rxb3 cxb3 35. Rb1 Rb8 36. Kf1 b2 37. Ke2 Rb3 38. a4 Kf8 39. Kd2 Ke7 40. Kc2 Ra3 41. Kxb2 Rxa4 42. Kc3 Ra2 43. Rb2 Ra1 44. Kd4 h5 45. h4 Ra4+ 46. Ke5 Rxh4 47. Rb7+ Ke8 48. Kf6 Rh2 49. Rb8+ Kd7 50. Rb7+ Ke8 51. f4 Rxg2 52. Re7+ Kd8 53. Kxf7 h4 54. Re8+ Kd7 55. e4 h3 56. e5 h2 57. e6+ Kd6 58. Rd8+ Kc7 59. Rh8 Rf2 60. e7 Rxf4+ 61. Ke6 Re4+ 62. Kf6 Kd7 63. Rd8+ Kc7 64. Rh8 Kd7 65. Rd8+ Kc7 66. Rh8 1/2-1/2


[Site "https://www.chess.com"]

[Event "Titled Tuesday Blitz August 08 Late 2023"]
[White "Ibadov, Dashgyn"]
[Black "ciroreva-CB"]
[WhiteFideId "24107514"]
[WhiteElo "2508"]
[BlackElo "2346"]
[Result "1-0"]
[Round "5"]
[TimeControl "180+1"]
[Date "2023.08.08"]
[WhiteClock "0:00:09"]
[BlackClock "0:00:05"]
[Board "106"]

1. e4 c5 2. Nf3 e6 3. d4 cxd4 4. Nxd4 Nc6 5. Nc3 Qc7 6. Be3 a6 7. Qf3 Ne5 8. Qg3 h5 9. Bf4 d6 10. O-O-O h4 11. Qe3 Ng4 12. Qd2 e5 13. Nd5 Qd8 14. Bg5 f6 15. h3 fxg5 16. hxg4 exd4 17. Qxd4 Nf6 18. Bc4 b5 19. Bb3 Nxg4 20. e5 dxe5 21. Qe4 Bd6 22. Qg6+ Kf8 23. Nb6 Ra7 24. Rxd6 Qe8 25. Qxg5 Nf6 26. Rxf6+ gxf6 27. Qxf6+ Rf7 28. Qxh8+ Ke7 29. Qxe5+ Kd8 30. Qxe8+ Kxe8 31. Bxf7+ Kxf7 32. Nxc8 Kf6 33. Rxh4 a5 34. Rh5 1-0


[Site "https://www.chess.com"]

[Event "Titled Tuesday Blitz August 08 Late 2023"]
[White "Hansen, Torbjorn Ringdal"]
[Black "Lopez Gracia, Fernando"]
[WhiteFideId "1501720"]
[BlackFideId "2207184"]
[WhiteElo "2508"]
[BlackElo "2343"]
[Result "1-0"]
[Round "5"]
[TimeControl "180+1"]
[Date "2023.08.08"]
[WhiteClock "0:01:06"]
[BlackClock "0:00:47"]
[Board "107"]

1. e4 c5 2. Nf3 e6 3. c3 Nf6 4. Bd3 d5 5. e5 Nfd7 6. Bc2 d4 7. O-O Nc6 8. Re1 Be7 9. Na3 a6 10. Nc4 b5 11. Nd6+ Bxd6 12. exd6 Nf6 13. a4 b4 14. a5 Qxd6 15. Ba4 O-O 16. Bxc6 Qxc6 17. cxd4 cxd4 18. Nxd4 Qd5 19. Nf3 Bb7 20. d4 Rac8 21. Be3 b3 22. Bd2 Rc2 23. Re5 Qc6 24. Bc3 Ne4 25. Bb4 Rc8 26. Ba3 Nxf2 27. d5 exd5 28. Qd4 Ne4 29. h3 Qg6 30. Ne1 Rd2 31. Qa4 Qg3 32. Qe8+ Rxe8 33. Rxe8# 1-0


[Site "https://www.chess.com"]

[Event "Titled Tuesday Blitz August 08 Late 2023"]
[White "Yu, Jennifer"]
[Black "Fernandez Siles, Luis"]
[WhiteFideId "2078341"]
[BlackFideId "2209420"]
[WhiteElo "2506"]
[BlackElo "2343"]
[Result "1-0"]
[Round "5"]
[TimeControl "180+1"]
[Date "2023.08.08"]
[WhiteClock "0:01:01"]
[BlackClock "0:00:40"]
[Board "108"]

1. d4 Nf6 2. c4 g6 3. Nc3 Bg7 4. g3 O-O 5. Bg2 d6 6. Nf3 c6 7. O-O Qa5 8. Ne1 Qh5 9. Nd3 g5 10. e4 Bg4 11. f3 Bh3 12. Be3 Bxg2 13. Kxg2 h6 14. e5 Nfd7 15. f4 Qxd1 16. Raxd1 f6 17. e6 Nb6 18. b3 Na6 19. a3 f5 20. fxg5 hxg5 21. Bxg5 Bxd4 22. Ne2 Bg7 23. Bxe7 Rfe8 24. Bxd6 Rxe6 25. Ndf4 Re3 26. Nd4 Bxd4 27. Rxd4 Rxb3 28. Nh5 Rd8 29. Rxf5 Nxc4 30. Rg4+ Kh7 31. Rf7+ Kh6 32. Bf4+ Kxh5 33. Rg5+ Kh6 34. Rg8+ Kh5 35. Rh7# 1-0


[Site "https://www.chess.com"]

[Event "Titled Tuesday Blitz August 08 Late 2023"]
[White "Gerbelli Neto, Eduardo"]
[Black "Grinev, Valeriy"]
[WhiteFideId "2103281"]
[BlackFideId "14117517"]
[WhiteElo "2331"]
[BlackElo "2505"]
[Result "0-1"]
[Round "5"]
[TimeControl "180+1"]
[Date "2023.08.08"]
[WhiteClock "0:00:12"]
[BlackClock "0:00:29"]
[Board "109"]

1. e4 c5 2. Nc3 Nc6 3. f4 g6 4. Nf3 Bg7 5. Bc4 e6 6. f5 gxf5 7. d3 Nge7 8. O-O Nd4 9. Bg5 f6 10. Be3 d5 11. Bxd4 cxd4 12. Bb5+ Bd7 13. Bxd7+ Qxd7 14. Nxd4 fxe4 15. dxe4 O-O-O 16. Qg4 dxe4 17. Nxe6 f5 18. Qxg7 Qxe6 19. Rad1 Rhg8 20. Rxd8+ Kxd8 21. Qxh7 Qb6+ 22. Kh1 Qxb2 23. Nd5 Qg7 24. Qxg7 Rxg7 25. Nxe7 Rxe7 26. Rxf5 e3 27. Rf1 Rc7 28. Rc1 e2 29. Kg1 Rxc2 30. Re1 Rxa2 31. Kf2 a5 32. h4 a4 33. h5 Ke7 34. Ke3 Kf6 35. Kd3 b5 36. Kc3 Kg5 37. g4 a3 38. Kb3 Rd2 39. Kxa3 Kxg4 40. h6 Kf3 41. h7 Rd8 42. Rh1 Rh8 0-1


[Site "https://www.chess.com"]

[Event "Titled Tuesday Blitz August 08 Late 2023"]
[White "Lopez Idarraga, Daniel Eduardo"]
[Black "Toncheva, Nadya"]
[WhiteFideId "4405501"]
[BlackFideId "2924056"]
[WhiteElo "2327"]
[BlackElo "2501"]
[Result "0-1"]
[Round "5"]
[TimeControl "180+1"]
[Date "2023.08.08"]
[WhiteClock "0:00:03"]
[BlackClock "0:00:13"]
[Board "110"]

1. d4 d5 2. c4 dxc4 3. e3 Nf6 4. Bxc4 e6 5. Nf3 c5 6. O-O a6 7. Nc3 Nc6 8. d5 exd5 9. Nxd5 Nxd5 10. Bxd5 Qc7 11. e4 Be7 12. h3 O-O 13. Be3 Nb4 14. a3 Nxd5 15. exd5 Bf5 16. Rc1 Rad8 17. b4 c4 18. Qd2 b5 19. Rfd1 Be4 20. Bf4 Bd6 21. Bxd6 Qxd6 22. Qe3 Rfe8 23. Rd4 Bxd5 24. Qd2 Qc6 25. Nh4 Qf6 26. Rd1 Rc8 27. Rxd5 Qxh4 28. Rd4 Qf6 29. Rd7 h6 30. Qd4 Qxd4 31. R1xd4 c3 32. Rd1 Re2 33. Rc1 Ra2 34. Rd5 Rxa3 35. Rc5 Rd8 36. R1xc3 Rxc3 37. Rxc3 Rd4 38. Rc8+ Kh7 39. Rc6 Rxb4 40. Rxa6 Rb1+ 41. Kh2 b4 42. Rb6 b3 43. Kg3 f6 44. h4 Kg6 45. Kf3 Kf5 46. Rb5+ Ke6 47. h5 Kd6 48. Rb8 Kc7 49. Rb4 Kc6 50. Rb8 Kc5 51. Ke2 Kd4 52. Kd2 Rb2+ 53. Ke1 Kd3 54. Rd8+ Kc2 55. Rc8+ Kb1 56. g4 Rc2 57. Rb8 b2 58. Kd1 Rxf2 59. Rb7 Rf3 60. Rxg7 Ka2 61. Ra7+ Ra3 62. Rxa3+ Kxa3 63. Kc2 Ka2 64. g5 fxg5 0-1


[Site "https://www.chess.com"]

[Event "Titled Tuesday Blitz August 08 Late 2023"]
[White "Remolar Gallen, Jose"]
[Black "UgarteCesar"]
[WhiteFideId "2215187"]
[WhiteElo "2500"]
[BlackElo "2322"]
[Result "1-0"]
[Round "5"]
[TimeControl "180+1"]
[Date "2023.08.08"]
[WhiteClock "0:00:25"]
[BlackClock "0:00:00"]
[Board "111"]

1. e4 c5 2. Nf3 Nc6 3. c3 d5 4. exd5 Qxd5 5. d4 Bg4 6. Be2 cxd4 7. cxd4 e6 8. Nc3 Bb4 9. h3 Bh5 10. O-O Qa5 11. Be3 Nge7 12. Qb3 O-O 13. Ne4 Nd5 14. a3 Be7 15. Rac1 Qb6 16. Qxb6 Nxb6 17. Nc5 Rab8 18. Nxb7 Nxd4 19. Nxd4 Bxe2 20. Rfe1 Ba6 21. Na5 Bf6 22. b4 Nd5 23. Nac6 Ra8 24. b5 Bb7 25. a4 g6 26. a5 Rfc8 27. a6 Bxc6 28. Nxc6 Nxe3 29. fxe3 Kf8 30. Red1 Bg5 31. Kf2 Ke8 32. Rd3 Rc7 33. Rcd1 Bh4+ 34. g3 Bf6 35. Kf3 h5 36. h4 Rac8 37. e4 Rxc6 38. bxc6 Rxc6 39. Rd6 Rc3+ 40. R1d3 Rc1 41. Rb3 Ra1 42. Rb7 Be5 43. Rc6 Kf8 44. Rxa7 Ra3+ 45. Ke2 Rxg3 46. Rb7 Ra3 47. a7 Kg7 48. Rc8 1-0


[Site "https://www.chess.com"]

[Event "Titled Tuesday Blitz August 08 Late 2023"]
[White "Yang, Kevin"]
[Black "Vafin, Ayrat"]
[WhiteFideId "30908485"]
[BlackFideId "4146530"]
[WhiteElo "2498"]
[BlackElo "2313"]
[Result "1-0"]
[Round "5"]
[TimeControl "180+1"]
[Date "2023.08.08"]
[WhiteClock "0:00:11"]
[BlackClock "0:00:01"]
[Board "112"]

1. d4 d5 2. Nc3 Bf5 3. Bf4 c6 4. e3 Nf6 5. Nf3 e6 6. Ne5 Nbd7 7. g4 Bg6 8. h4 h5 9. Nxg6 fxg6 10. Bd3 Nxg4 11. Bxg6+ Ke7 12. f3 Ngf6 13. e4 dxe4 14. fxe4 Qa5 15. e5 Nd5 16. Bg5+ N7f6 17. exf6+ gxf6 18. Bd2 Bh6 19. Be4 Nxc3 20. Bxc3 Qc7 21. Qf3 Bf4 22. Ke2 Rag8 23. Rag1 f5 24. Bd3 Rg4 25. Bb4+ Ke8 26. Bd2 Bxd2 27. Kxd2 Rhg8 28. Rxg4 Rxg4 29. Re1 Qh2+ 30. Re2 Qxh4 31. Rxe6+ Kd7 32. Qxf5 Rf4 33. Qe5 Qh2+ 34. Kc3 Rf7 35. Rd6+ Kc7 36. Qxh2 Kb6 37. d5 Rf4 38. Qxf4 1-0


[Site "https://www.chess.com"]

[Event "Titled Tuesday Blitz August 08 Late 2023"]
[White "Sebag, Marie"]
[Black "Sarkar, Justin"]
[WhiteFideId "617822"]
[BlackFideId "2010011"]
[WhiteElo "2495"]
[BlackElo "2245"]
[Result "1-0"]
[Round "5"]
[TimeControl "180+1"]
[Date "2023.08.08"]
[WhiteClock "0:01:15"]
[BlackClock "0:00:00"]
[Board "113"]

1. d4 Nf6 2. c4 e6 3. Nc3 Bb4 4. e3 O-O 5. Bd3 d5 6. Ne2 dxc4 7. Bxc4 e5 8. O-O exd4 9. exd4 Nbd7 10. Bg5 h6 11. Bh4 Be7 12. Qd3 Nb6 13. Bb3 Nfd5 14. Bc2 g6 15. Bxe7 Qxe7 16. Qd2 Kg7 17. Rfe1 Be6 18. Nf4 Nxf4 19. Qxf4 Qd6 20. Qh4 Rad8 21. Rad1 Nd5 22. Bb3 Qf4 23. Qxf4 Nxf4 24. d5 Bf5 25. g3 Nd3 26. Re7 Nxb2 27. Rd2 Nd3 28. g4 1-0


[Site "https://www.chess.com"]

[Event "Titled Tuesday Blitz August 08 Late 2023"]
[White "Reprintsev, Alexander"]
[Black "Sabar Ethmane Daouda"]
[WhiteFideId "14100541"]
[BlackFideId "19600097"]
[WhiteElo "2495"]
[BlackElo "2222"]
[Result "1-0"]
[Round "5"]
[TimeControl "180+1"]
[Date "2023.08.08"]
[WhiteClock "0:01:18"]
[BlackClock "0:00:00"]
[Board "114"]

1. e4 b6 2. d4 Bb7 3. f3 e6 4. Be3 Nf6 5. Nd2 d5 6. e5 Nfd7 7. f4 c5 8. Ngf3 Be7 9. h4 f6 10. c3 fxe5 11. fxe5 O-O 12. Bd3 Qe8 13. Qc2 cxd4 14. Bxh7+ Kh8 15. Bg6 Qc8 16. Bxd4 Nc6 17. O-O-O Nxd4 18. cxd4 Qxc2+ 19. Bxc2 Rac8 20. Kb1 Rf4 21. g3 Rg4 22. Ng5 Rxc2 23. Kxc2 Bxg5 24. hxg5+ Kg8 25. Rh4 Rxg3 26. Rdh1 Rxg5 27. Rh8+ Kf7 28. Rf1+ Kg6 29. Rd8 Bc6 30. b3 Bb5 31. Rf4 Nxe5 32. dxe5 Rxe5 33. a4 Ba6 34. Rd7 Re2 35. Rxa7 1-0


[Site "https://www.chess.com"]

[Event "Titled Tuesday Blitz August 08 Late 2023"]
[White "Tharushi, T H D Niklesha"]
[Black "Jovic, Stanoje"]
[WhiteFideId "9918264"]
[BlackFideId "905020"]
[WhiteElo "2130"]
[BlackElo "2494"]
[Result "0-1"]
[Round "5"]
[TimeControl "180+1"]
[Date "2023.08.08"]
[WhiteClock "0:02:30"]
[BlackClock "0:02:05"]
[Board "115"]

1. e4 c6 2. Nc3 d5 3. Nf3 Nf6 4. e5 Ne4 5. Nxe4 dxe4 6. Qe2 exf3 7. Qxf3 Qd5 8. Qe3 Bf5 9. c4 Qe4 10. d3 Qxe3+ 11. Bxe3 Nd7 12. f4 e6 13. O-O-O Bc5 14. d4 Be7 15. Be2 b5 16. Bf3 bxc4 17. Bxc6 Rc8 18. Ba4 c3 19. b3 Ba3# 0-1


[Site "https://www.chess.com"]

[Event "Titled Tuesday Blitz August 08 Late 2023"]
[White "laskakid"]
[Black "Sadilek, Peter"]
[BlackFideId "1616439"]
[WhiteElo "2099"]
[BlackElo "2485"]
[Result "0-1"]
[Round "5"]
[TimeControl "180+1"]
[Date "2023.08.08"]
[WhiteClock "0:00:00"]
[BlackClock "0:01:03"]
[Board "116"]

1. e4 e5 2. Nf3 Nc6 3. Bc4 Nf6 4. d3 Bc5 5. c3 d6 6. O-O a5 7. Re1 h6 8. Bb3 O-O 9. h3 Re8 10. Bc2 Ba7 11. d4 exd4 12. cxd4 Nb4 13. Nc3 Nxc2 14. Qxc2 Bd7 15. e5 Nh7 16. Be3 dxe5 17. dxe5 Bxe3 18. Rxe3 Bc6 19. Rd1 Qe7 20. Nd5 Bxd5 21. Rxd5 Nf8 22. Nd4 Red8 23. Nf5 Qe6 24. Rxd8 Rxd8 25. Qxc7 Rd1+ 26. Kh2 Qxf5 27. Rf3 Qd7 28. Qxa5 Rd5 29. Qc3 Ne6 30. b3 Rc5 31. Qe3 Qd5 32. Rf5 g6 33. b4 Rc4 34. Rf3 Re4 35. Qxh6 Qxe5+ 36. g3 Re1 37. h4 Qe4 38. Kg2 Nd4 39. Qf4 Qxf3+ 40. Qxf3 Nxf3 41. Kxf3 Ra1 0-1


[Site "https://www.chess.com"]